 Dungeon Crawl Stone Soup version 0.27-a0-1193-g8631133539 (webtiles) character file.

Game seed: 12340090522522390995

196 ZappyNine the Sneak (level 6, -4/55 HPs)
             Began as a Kobold Brigand on May 25, 2021.
             Killed from afar by Blork the orc (5 damage)
             ... with a puff of frost
             ... on level 4 of the Dungeon.
             The game lasted 00:03:12 (3119 turns).

ZappyNine the Sneak (Kobold Brigand)                Turns: 3119, Time: 00:03:12

Health: -4/55      AC: 23    Str:  8    XL:     6   Next: 4%
Magic:  6/6        EV:  3    Int: 13    God:
Gold:   153        SH:  0    Dex: 18    Spells: 5/5 levels left

rFire    . . .     SeeInvis .   a - +2 dagger
rCold    . . .     Faith    .   (shield restricted)
rNeg     + + +     Spirit   .   (armour currently unavailable)
rPois    +         Reflect  .   (helmet currently unavailable)
rElec    .         Harm     .   (cloak currently unavailable)
rCorr    .         Rampage  .   (gloves currently unavailable)
Will     .....     NoTele   +   (boots currently unavailable)
Stlth    +++++.....             (no amulet)
HPRegen  0.18/turn              (no ring)
MPRegen  0.10/turn              (no ring)

@: brilliant, tree-form (expiring)
A: stationary, stasis, torment immunity, boosted hp, small, no large weapons,
nightstalker 3
a: no special abilities


You were on level 4 of the Dungeon.
You were a tree.
You visited 1 branch of the dungeon, and saw 4 of its levels.

You collected 153 gold pieces.

Inventory:

Hand Weapons
 a - a +2 dagger (weapon)
Missiles
 d - 22 poisoned darts (quivered)
 e - a curare-tipped dart
Armour
 b - a +0 robe (melded)
 c - a +0 cloak (melded)
Jewellery
 f - a ring of flight
 j - a +6 ring of intelligence
Scrolls
 h - 4 scrolls of teleportation
 m - a scroll of vulnerability {unknown}
 o - a scroll of summoning {unknown}
 p - a scroll of fog {unknown}
 q - 3 scrolls of amnesia {unknown}


   Skills:
 - Level 3.2 Fighting
 - Level 4.5 Short Blades
 - Level 2.1 Throwing
 + Level 3.5 Dodging
 + Level 6.7 Stealth


You had 5 spell levels left.
You didn't know any spells.
Your spell library was empty.

Dungeon Overview and Level Annotations

Branches:
Dungeon (4/15)
 Temple: D:4-7

Altars:

Shops:
D:1 (

Annotations:
D:4 Blork the orc


Innate Abilities, Weirdness & Mutations

You are a tree.
Your roots penetrate the ground, keeping you stationary.
You cannot be teleported.
You are immune to unholy pain and torment.
Your maximum health is greatly increased.
Your equipment is partially melded.
You are small and have problems with some larger weapons.
You are completely attuned to the shadows.


Message History

The magic dart hits you.
* * * LOW HITPOINT WARNING * * *
You hit Blork the orc but do no damage.
Blork the orc is moderately wounded.
Blork the orc hits you but does no damage.
You barely miss Blork the orc.
Blork the orc is moderately wounded.
Blork the orc hits you but does no damage.
You hit Blork the orc.
Blork the orc is heavily wounded.
Blork the orc barely misses you.
You hit Blork the orc.
Blork the orc is severely wounded.
Blork the orc hits you but does no damage. x2
You hit Blork the orc.
Blork the orc is severely wounded.
Blork the orc hits you with a +1 flail of pain.
* * * LOW HITPOINT WARNING * * *
You barely miss Blork the orc.
Blork the orc is severely wounded.
Blork the orc hits you but does no damage.
You hit Blork the orc but do no damage.
Blork the orc is severely wounded.
Blork the orc points at you and mumbles some strange words.
The puff of flame misses you.
You barely miss Blork the orc.
Blork the orc is severely wounded.
Blork the orc hits you but does no damage.
Unknown command.
Unknown command.
You hit Blork the orc.
Blork the orc is severely wounded.
Blork the orc hits you but does no damage.
You completely miss Blork the orc.
Blork the orc is severely wounded.
Blork the orc hits you with a +1 flail of pain.
* * * LOW HITPOINT WARNING * * *
Blork the orc gestures at you while chanting.
The puff of frost hits you.
You die...

####+##..
.........
#.......#
#...g...#
#o# #♣#
###+#####.#
.......##.#
.......'..#
...<(..####
.......#
.......#
.......#
.......#


You could see Blork the orc (fast) and a goblin.

Vanquished Creatures
  An ogre (D:3)
  2 adders
  A shadow imp (D:3)
  An adder skeleton (D:3)
  A worm (D:3)
  2 dart slugs (D:1)
  8 orcs (D:3)
  3 ball pythons
  9 bats
  4 endoplasms
  4 giant cockroaches
  8 hobgoblins
  2 jackals (D:2)
  7 quokkas
  8 frilled lizards
  3 goblins
  3 kobolds
  4 rats
71 creatures vanquished.

Notes
Turn   | Place    | Note
-------+----------+-------------------------------------------
     0 | D:1      | ZappyNine the Kobold Brigand began the quest for the Orb.
     0 | D:1      | Reached XP level 1. HP: 12/12 MP: 1/1
   151 | D:1      | Reached XP level 2. HP: 18/18 MP: 2/2
   591 | D:1      | Reached XP level 3. HP: 22/22 MP: 3/3
   963 | D:1      | Found Ficw's Antique Weapon Boutique.
  1346 | D:2      | Found a faded altar of an unknown god.
  1596 | D:2      | Reached XP level 4. HP: 22/28 MP: 4/4
  2479 | D:3      | Noticed an ogre
  2480 | D:3      | Killed an ogre
  2481 | D:3      | Reached skill level 6 in Stealth
  2481 | D:3      | Reached XP level 5. HP: 32/32 MP: 5/5
  2780 | D:3      | Reached XP level 6. HP: 37/37 MP: 6/6
  3090 | D:4      | Noticed Blork the orc
  3114 | D:4      | HP: 2/55 [Blork the orc/+1 flail of pain (4)]
  3119 | D:4      | HP: 1/55 [Blork the orc/+1 flail of pain (2)]
  3119 | D:4      | Killed from afar by Blork the orc

Illustrated notes

Levels and vault maps discovered:
D:1:      ncdulo_watergridlock, layout_basic, serial_shops, shop
D:2:      layout_rooms, basic_ecumenical_altar
D:3:      minmay_wonky_spiral, layout_basic, minmay_checkerbox
D:4:      layout_basic, grunt_decor_fettered, minmay_cupped, uniq_blork_the_orc

Skill      XL: |  1  2  3  4 |
---------------+-------------+-----
Short Blades   | 3 4 |  4.5
Fighting       | 3 |  3.2
Dodging        | 3 |  3.5
Stealth        | 6 |  6.7
Throwing       | |  2.1

Action                   |  1- 3 |  4- 6 || total
-------------------------+-------+-------++-------
Melee: Dagger            |   101 |   112 ||   213
Throw: Dart              |     2 |    18 ||    20
  Use: Scroll            |       |     3 ||     3
       Potion            |       |     6 ||     6
 Stab: Sleeping          |    19 |    17 ||    36
Armor: Robe              |    10 |    11 ||    21
       Skin              |       |    12 ||    12
Dodge: Dodged            |    57 |    62 ||   119

Table legend: (Time is in decaauts)
 A = Elapsed time spent in this place.
 B = Non-inter-level travel time spent in this place.
 C = Inter-level travel time spent in this place.
 D = Time resting spent in this place.
 E = Time spent auto-exploring this place.
 F = Levels seen in this place.
 G = Mean time per level.
                   A        B        C        D        E       F      G
               +--------+--------+--------+--------+--------+-----+--------+
         Total |   3072 |   3032 |     40 |    133 |   2377 |   4 |  768.0 |
       Dungeon |   3072 |   3032 |     40 |    133 |   2377 |   4 |  768.0 |
               +--------+--------+--------+--------+--------+-----+--------+

Top non-repeatable levels by time:
     D:1: 1310 daAuts
     D:3: 926 daAuts
     D:2: 702 daAuts
     D:4: 132 daAuts
